 Dungeon Crawl Stone Soup version 0.18.1-48-g4cf74bf (webtiles) character file.

144 Puuhinen the Skirmisher (level 5, -1/55 HPs)
             Began as an Ogre Monk on July 19, 2016.
             Slain by Crazy Yiuf
             ... wielding a +2 quarterstaff of chaos
              (8 damage)
             ... while paralysed by Crazy Yiuf
             ... on level 3 of the Dungeon.
             The game lasted 00:13:35 (2210 turns).

Puuhinen the Skirmisher (Ogre Monk)                 Turns: 2210, Time: 00:13:36

Health: -1/55      AC:  5    Str: 17    XL:     5   Next: 26%
Magic:  5/5        EV:  1    Int:  9    God:
Gold:   123        SH:  0    Dex: 12    Spells: 0 memorised, 4 levels left

rFire  + . .     SeeInvis .       - Unarmed
rCold  . . .     Gourm    .     f - +0 robe
rNeg   . . .     Faith    .     (no shield)
rPois  .         Spirit   .     (helmet restricted)
rElec  .         Dismiss  .     (no cloak)
rCorr  .         Reflect  .     (gloves unavailable)
SustAt .         Harm     .     (boots unavailable)
MR     .....                    (no amulet)
Stlth  ++........               o - ring of flight
                                k - ring of protection from fire

@: paralysed, lethally poisoned (-1 -> -3), very slightly contaminated, slowed,
invisible, not resistant to hostile enchantments, unstealthy
A: unfitting armour, large bone plates 1, tough skin 1
a: Evoke Flight


You were on level 3 of the Dungeon.
You were not hungry.

You visited 1 branch of the dungeon, and saw 3 of its levels.

You collected 123 gold pieces.

Inventory:

Missiles
 r - 4 tomahawks (quivered)
Armour
 f - a +0 robe (worn)
Jewellery
 k - a ring of protection from fire (left hand)
 o - a ring of flight (right hand)
Scrolls
 d - a scroll of magic mapping {unknown}
 e - 2 scrolls of remove curse
 j - a scroll of teleportation {unknown}
 n - a scroll of fog {unknown}
 q - a scroll of amnesia {unknown}
Potions
 c - a potion of ambrosia
 l - 2 potions of mutation {unknown}
 m - a potion of haste {unknown}
 p - a potion of brilliance {unknown}
Books
 i - a book of Transfigurations

   Spells                             Type                      Level
   a - Irradiate                      Conjuration/Transmutation    5
   b - Statue Form                    Transmutation/Earth          6
   c - Hydra Form                     Transmutation                6
   d - Dragon Form                    Transmutation                7
Comestibles
 a - a meat ration
 b - 3 bread rations
 g - 11 chunks of flesh
 h - a royal jelly


   Skills:
 + Level 4.9 Fighting
 * Level 4.3 Dodging
 - Level 1.5 Stealth
 + Level 4.2 Unarmed Combat


You had 4 spell levels left.
You didn't know any spells.

Dungeon Overview and Level Annotations

Branches:
Dungeon (3/15)

Altars:
Trog

Annotations:
D:2 exclusion: moth of wrath
D:3 Crazy Yiuf


Innate Abilities, Weirdness & Mutations

You are too large for most types of armour.
You have tough skin (AC +1).
You are partially covered in large bone plates (AC +2, SH +2).


Message History

You fade into invisibility!
You are very lightly contaminated with residual magic.
You hit Crazy Yiuf but do no damage.
Crazy Yiuf is severely wounded.
Crazy Yiuf hits you with a quarterstaff of chaos!
You suddenly lose the ability to move!
Some of the chunks of flesh in your inventory have rotted away.
Crazy Yiuf hits you with a quarterstaff of chaos. x2
You are poisoned.
You feel sick.
Crazy Yiuf hits you with a quarterstaff of chaos.
You feel sick.
Crazy Yiuf hits you with a quarterstaff of chaos.
Crazy Yiuf hits you but does no damage.
You feel yourself slow down.
You feel sick.
Crazy Yiuf hits you with a quarterstaff of chaos!
* * * LOW HITPOINT WARNING * * *
You feel as though you will be slow longer.
Crazy Yiuf hits you with a quarterstaff of chaos!
You die...

#.####..## # #.# #....#
### #.# ♣P.P.♣ ..# #.#
♣...♣♣ ..########.#
♣♣.♣♣ ...........# ♣.♣♣
...#.####### ♣♣.♣ #....#
♣.♣♣ ...### ♣♣@♣ ...###
#g# #....# .(. .....#
#### #.(.# ..#..####..#
#.()# ..#.....)..# #####
#.#...)##..#
..#.......†###########.#
..#....................#


You could see Crazy Yiuf.

Vanquished Creatures
  Robin (D:3)
  5 adders
  2 worms (D:2)
  2 giant geckos
  6 orcs (D:3)
  7 bats
  2 giant cockroaches
  12 goblins
  12 hobgoblins
  4 jackals (D:3)
  A quokka (D:3)
  2 ball pythons (D:1)
  A giant newt (D:1)
  5 kobolds
  10 rats
72 creatures vanquished.

Notes
Turn   | Place    | Note
--------------------------------------------------------------
     0 | D:1      | Puuhinen the Ogre Monk began the quest for the Orb.
     0 | D:1      | Reached XP level 1. HP: 24/24 MP: 1/1
   216 | D:1      | Reached XP level 2. HP: 32/32 MP: 2/2
   846 | D:2      | Reached XP level 3. HP: 39/39 MP: 3/3
   886 | D:2      | Noticed a moth of wrath
   889 | D:2      | Found a bloodstained altar of Trog.
   921 | D:2      | Gained mutation: You are partially covered in large bone plates (AC +2, SH +2). [potion of beneficial mutation]
  1548 | D:3      | Noticed Robin
  1565 | D:3      | Reached XP level 4. HP: 45/49 MP: 4/4
  1572 | D:3      | Killed Robin
  1804 | D:3      | Reached XP level 5. HP: 49/55 MP: 5/5
  2196 | D:3      | Noticed Crazy Yiuf
  2203 | D:3      | Paralysed by Crazy Yiuf for 7 turns
  2210 | D:3      | Slain by Crazy Yiuf

Skill      XL: |  1  2  3  4 |
---------------+-------------+-----
Dodging        | 3 4 |  4.3
Unarmed Combat | 4 |  4.2
Fighting       | |  4.9
Stealth        | |  1.5

Action                   |  1- 3 |  4- 6 || total
-------------------------+-------+-------++-------
Melee: Unarmed           |   128 |   118 ||   246
       Punch             |     1 |     1 ||     2
 Fire: Hunting sling     |     9 |       ||     9
Throw: Tomahawk          |       |    30 ||    30
  Use: Scroll            |     6 |       ||     6
       Potion            |     1 |     1 ||     2
 Stab: Sleeping          |     2 |       ||     2
  Eat: Chunk             |     2 |     2 ||     4
Armor: Robe              |    51 |    22 ||    73
Dodge: Dodged            |    70 |    43 ||   113
Block: Other             |       |     8 ||     8
